 Dungeon Crawl Stone Soup version 0.23.0-3-gf3c87f2 (console) character file.

Game seed: 5752272397423119224

31647 fly the Warrior (level 13, -2/159 HPs)
             Began as an Ogre Fire Elementalist on Feb 24, 2019.
             Was a Follower of Uskayaw.
             Slain by an entropy weaver (8 damage)
             ... on level 5 of the Lair of Beasts.
             The game lasted 01:09:10 (21635 turns).

fly the Warrior (Ogre Fire Elementalist)           Turns: 21635, Time: 01:09:11

Health: -2/159     AC:  1    Str: 12    XL:     13   Next: 59%
Magic:  6/22       EV: 15    Int: 20    God:    Uskayaw [*.....]
Gold:   653        SH:  3    Dex: 13    Spells: 7/24 levels left

rFire    + + .     SeeInvis .   a - +5 short sword (venom)
rCold    x . .     Gourm    .   (no shield)
rNeg     + + .     Faith    .   y - +2 robe {rF+}
rPois    .         Spirit   .   e - +0 hat
rElec    +         Reflect  +   (no cloak)
rCorr    .         Harm     .   (gloves unavailable)
MR       +....                  (boots unavailable)
Stlth    ++........             N - amulet "Keythrew" {Reflect rElec rN++ Str-3 Int+4 SH+3}
HPRegen  0.36/turn              G - ring of fire
MPRegen  0.18/turn              x - +4 ring of protection

@: about to teleport, corroded, very slightly contaminated
A: large, unfitting armour, tough skin 1
a: Stomp, Renounce Religion


You were on level 5 of the Lair of Beasts.
You worshipped Uskayaw.
Uskayaw was noncommittal.
You were not hungry.

You visited 3 branches of the dungeon, and saw 15 of its levels.

You collected 653 gold pieces.

Inventory:

Hand Weapons
 a - a +5 short sword of venom (weapon)
 b - the +5 spear of Kyest {speed, rC++ Dex-2}
   (You found it on level 3 of the Lair of Beasts)

   Attacks with this weapon are significantly faster.
   It affects your dexterity (-2).
   It greatly protects you from cold.
 w - a +3 blowgun
Armour
 e - a +0 hat (worn)
 y - a +2 robe of fire resistance (worn)
Magical Staves
 H - an uncursed staff of wizardry
 M - an uncursed staff of earth
Jewellery
 m - an uncursed ring of flight
 x - a +4 ring of protection (right hand)
 G - a ring of fire (left hand)
 L - an uncursed amulet of regeneration
 N - the amulet "Keythrew" (around neck) {Reflect rElec rN++ Str-3 Int+4 SH+3}
   (You found it on level 4 of the Lair of Beasts)

   [amulet of reflection]

   It shields you and reflects attacks.
   It affects your strength (-3).
   It affects your intelligence (+4).
   It insulates you from electricity.
   It greatly protects you from negative energy.
   It affects your SH (+3).
Wands
 p - a wand of flame (13)
 I - a wand of disintegration (20)
 K - a wand of digging (10)
Scrolls
 g - a scroll of enchant weapon {unknown}
 k - 3 scrolls of magic mapping
 n - 4 scrolls of remove curse
 o - 2 scrolls of enchant armour
 q - 8 scrolls of teleportation
 r - 3 scrolls of fog
 s - a scroll of holy word {unknown}
 u - 4 scrolls of blinking
 z - 2 scrolls of noise {unknown}
 B - 4 scrolls of amnesia
 E - a scroll of random uselessness {unknown}
 J - 2 scrolls of brand weapon {unknown}
Potions
 d - 2 potions of cancellation
 f - 5 potions of curing
 h - a potion of invisibility {unknown}
 i - 2 potions of heal wounds
 j - 3 potions of might
 l - a potion of lignification
 t - a potion of ambrosia {unknown}
 v - 2 potions of flight {unknown}
 A - 2 potions of magic {unknown}
 C - a potion of berserk rage {unknown}
 D - a potion of brilliance {unknown}
 O - a potion of haste {unknown}
Miscellaneous
 F - a lamp of fire (inert)
Comestibles
 c - 26 rations


   Skills:
 + Level 18.3 Fighting
 - Level 9.0 Dodging
 - Level 1.4 Stealth
 - Level 6.0 Spellcasting
 - Level 9.0 Conjurations
 - Level 9.0 Fire Magic


You had 7 spell levels left.
You knew the following spells:

 Your Spells              Type           Power        Failure   Level  Hunger
b - Blink                 Tloc           N/A          16%         2    None
c - Conjure Flame         Conj/Fire      ######..     1%          3    ##.....
f - Mephitic Cloud        Conj/Pois/Air  ###.....     9%          3    ##.....
n - Inner Flame           Hex/Fire       #####...     4%          3    ##.....
t - Fireball              Conj/Fire      ######....   7%          5    #####..
z - Flame Tongue          Conj/Fire      #####        1%          1    None

Your spell library contained the following spells:

 Spells                   Type           Power        Failure   Level  Hunger
 Magic Dart               Conj           ####         1%          1    None
 Throw Flame              Conj/Fire      ######       1%          2    None
 Sticky Flame             Conj/Fire      ######..     2%          4    ####...
 Freeze                   Ice            #...         11%         1    None
 Call Imp                 Summ           #.......     16%         2    None
 Slow                     Hex            #.......     16%         2    None
 Bolt of Cold             Conj/Ice       ###.......   94%         6    #######
 Summon Mana Viper        Hex/Summ       #.......     96%         5    #####..
 Spellforged Servitor     Conj/Summ      ###.......   100%        7    #######


Dungeon Overview and Level Annotations

Branches:
Dungeon (9/15)             Temple (1/1) D:6            Lair (5/6) D:9
  Swamp (0/4) Lair:4        Snake (0/4) Lair:2        Slime (0/5) Lair:5
    Orc: D:9-12

Altars:
Ashenzari
Cheibriados
Dithmenos
Elyvilon
Fedhas
Gozag
Hepliaklqana
Kikubaaqudgha
Makhleb
Nemelex Xobeh
Qazlal
Ru
Trog
Uskayaw
Vehumet
Wu Jian
Xom
Yredelemnul
Zin
The Shining One
Jiyva

Shops:
D:5 :   D:6 (


Innate Abilities, Weirdness & Mutations

You are too large for most types of armour.
You have tough skin. (AC +1)


Message History

* * * LOW HITPOINT WARNING * * *
The entropy weaver hits you with a +0 quarterstaff.
* * * LOW HITPOINT WARNING * * *
Unknown command.
Unknown command.
Press: ? - help, v - describe, . - travel
Here: an entropy weaver, wielding a +0 quarterstaff (lightly wounded, poisoned, confused)
The floor.
Casting: Mephitic Cloud (safe; 9% risk of failure)
Confirm with . or Enter, or press ? or * to list all spells.
You blink.
As you read the scroll of teleportation, it crumbles to dust.
You feel strangely unstable.
The entropy weaver looks very confused.
The entropy weaver hits you!
* * * LOW HITPOINT WARNING * * *
You block the entropy weaver's attack. The entropy weaver hits you!
* * * LOW HITPOINT WARNING * * *
The entropy weaver hits you!
You die...

......##..#
##.....##..#...#####.
.........## ###P...#..#Y.##
#.# ....###..# #P..##...#.##
## ...## #### ###...#.#a#HY#
...# #.........#Ya## #.##
###...#..###...# ...##
##......####...[## ....#
#........###._>..## .#.##
#.....@..........P# .###
####....a...(.....### a###
##P.((.a.......#..## ...##
#.....§...........P# ....#
#...............P### ....##
#..#.°...#......#### .....#
#...####...........## ....##
##...##P............##
#...#####..##...#...........#


You could see 2 entropy weavers.

Vanquished Creatures
  The ghost of runemage the Blocker, a journeyman GnFi of Ashenzari (Lair:4)
  5 hydras
  4 death yaks
  Nergalle (Lair:2)
  2 oklob plants (Lair:2)
  4 black mambas
  8 elephants
  8 spiny frogs
  2 rime drakes
  8 komodo dragons
  A polar bear (Lair:5)
  A wandering mushroom (Lair:2)
  11 blink frogs
  11 dream sheep
  5 hippogriffs
  A wyvern (D:9)
  10 yaks
  4 basilisks
  A hungry ghost (D:9)
  9 soldier ants
  7 water moccasins
  10 porcupines
  Duvessa (D:7)
  A sky beast (D:5)
  An orc warrior (D:8)
  2 ice beasts
  A phantom (D:8)
  2 black bears
  3 ogres
  9 wolves
  4 centaurs
  8 crocodiles
  3 big kobolds
  A wyvern zombie (D:6)
  13 bullfrogs
  Dowan (D:7)
  2 scorpions
  A water moccasin skeleton (D:5)
  5 killer bees (D:9)
  2 howler monkeys
  3 wights (D:8)
  3 crimson imps
  A centaur zombie (D:9)
  2 bullfrog zombies
  4 hounds
  2 jellies
  3 orc wizards
  2 orc priests
  A bullfrog skeleton (D:6)
  A centaur skeleton (D:7)
  Jessica (D:3)
  8 iguanas
  Natasha (thrice) (D:3)
  7 worker ants
  Terence (D:3)
  A hound zombie (D:6)
  A mummy (D:9)
  A howler monkey zombie (D:7)
  4 gnolls (D:4)
  10 adders
  A howler monkey skeleton (D:5)
  A shadow imp (D:2)
  An ooze (D:1)
  3 adder skeletons
  5 worms
  3 dart slugs
  A leopard gecko (D:3)
  33 orcs
  6 giant cockroaches
  7 goblins
  12 hobgoblins
  12 jackals
  24 kobolds
  6 quokkas
  3 ball pythons
  6 bats
  4 frilled lizards
  A jackal zombie (D:7)
  A leopard gecko skeleton (D:6)
  9 rats
  2 plants
374 creatures vanquished.

Vanquished Creatures (others)
  11 fungi
  6 plants
17 creatures vanquished.

Grand Total: 391 creatures vanquished

Notes
Turn   | Place    | Note
-------+----------+-------------------------------------------
     0 | D:1      | fly the Ogre Fire Elementalist began the quest for the Orb.
     0 | D:1      | Reached XP level 1. HP: 16/16 MP: 3/3
    11 | D:1      | Reached skill level 1 in Conjurations
   151 | D:1      | Reached XP level 2. HP: 19/24 MP: 0/5
   614 | D:1      | Reached XP level 3. HP: 30/31 MP: 2/7
  1616 | D:2      | Reached XP level 4. HP: 39/39 MP: 5/8
  2771 | D:3      | Reached XP level 5. HP: 43/45 MP: 1/9
  2818 | D:3      | Noticed Terence
  2853 | D:3      | Killed Terence
  3138 | D:3      | Found an opulent altar of Gozag.
  3256 | D:3      | Noticed Natasha
  3258 | D:3      | Noticed Jessica
  3274 | D:3      | Killed Natasha
  3276 | D:3      | Killed Jessica
  3308 | D:3      | Noticed Natasha
  3320 | D:3      | Killed Natasha
  3320 | D:3      | Reached XP level 6. HP: 29/53 MP: 0/10
  3684 | D:3      | Noticed Natasha
  3693 | D:3      | Killed Natasha
  3965 | D:4      | Reached skill level 5 in Conjurations
  4421 | D:4      | Found a hide-covered altar of Uskayaw.
  4762 | D:4      | Reached XP level 7. HP: 59/59 MP: 6/11
  4875 | D:4      | Became a worshipper of Uskayaw the Reveler
  4993 | D:4      | Reached * piety under Uskayaw
  4996 | D:4      | Reached ** piety under Uskayaw
  5253 | D:3      | Learned a level 3 spell: Mephitic Cloud
  5257 | D:3      | Learned a level 3 spell: Conjure Flame
  5260 | D:3      | Learned a level 2 spell: Blink
  5264 | D:3      | Learned a level 3 spell: Inner Flame
  5351 | D:4      | Reached skill level 1 in Fighting
  5399 | D:5      | Entered Level 5 of the Dungeon
  5430 | D:5      | Found Bynum's Book Boutique.
  5696 | D:5      | Reached skill level 2 in Fighting
  5751 | D:5      | Reached skill level 3 in Fighting
  5751 | D:5      | Reached XP level 8. HP: 39/75 MP: 2/12
  6128 | D:5      | Reached skill level 4 in Fighting
  6685 | D:6      | Reached skill level 5 in Dodging
  6989 | D:6      | Found a staircase to the Ecumenical Temple.
  7253 | D:6      | Found Ypeom's Antique Weapon Shoppe.
  7268 | D:6      | Reached skill level 5 in Fire Magic
  7268 | D:6      | Reached XP level 9. HP: 37/84 MP: 7/13
  7528 | D:6      | Got a pitted hat
  7540 | D:6      | Identified the +1 hat "Gyefei" {Dex+5 Slay-6} (You found it
                  | on level 6 of the Dungeon)
  7772 | D:7      | Reached *** piety under Uskayaw
  7902 | D:7      | Noticed Duvessa
  7902 | D:7      | Noticed Dowan
  7915 | D:7      | Killed Duvessa
  7915 | D:7      | Reached skill level 5 in Fighting
  7927 | D:7      | Killed Dowan
  7973 | D:7      | Found an ancient bone altar of Kikubaaqudgha.
  7977 | D:7      | Found an ornate altar of the Wu Jian Council.
  7979 | D:7      | Found a shadowy altar of Dithmenos.
  8014 | D:7      | Found an opulent altar of Gozag.
  8116 | D:7      | Found a radiant altar of Vehumet.
  8438 | D:8      | Reached skill level 6 in Fighting
  8528 | D:8      | Reached **** piety under Uskayaw
  8943 | D:8      | Reached skill level 5 in Spellcasting
  8969 | D:8      | Reached XP level 10. HP: 23/100 MP: 5/17
  9506 | D:8      | Found a blossoming altar of Fedhas.
  9573 | D:9      | Found a snail-covered altar of Cheibriados.
 10188 | D:9      | Found a staircase to the Lair.
 10272 | D:9      | Found a stormy altar of Qazlal.
 10381 | D:9      | Found a burning altar of Makhleb.
 10586 | D:9      | Found a sparkling altar of Nemelex Xobeh.
 10852 | Temple   | Entered the Ecumenical Temple
 11060 | Lair:1   | Entered Level 1 of the Lair of Beasts
 11086 | Lair:1   | Reached skill level 7 in Fighting
 11088 | Lair:1   | Noticed a spiny frog
 11117 | Lair:1   | Killed a spiny frog
 11520 | Lair:1   | Reached skill level 8 in Fighting
 12102 | Lair:1   | Reached skill level 9 in Fighting
 12102 | Lair:1   | Reached XP level 11. HP: 71/115 MP: 12/20
 12823 | Lair:1   | Noticed a six-headed hydra
 13424 | Lair:1   | Killed a six-headed hydra
 13933 | Lair:2   | Reached skill level 10 in Fighting
 14105 | Lair:2   | Reached ***** piety under Uskayaw
 14163 | Lair:2   | Reached skill level 11 in Fighting
 14469 | Lair:2   | Reached skill level 12 in Fighting
 14646 | Lair:2   | Identified the Grimoire of Icy Companions
 14656 | Lair:2   | Noticed an oklob plant
 14658 | Lair:2   | Found a staircase to the Snake Pit.
 14658 | Lair:2   | Noticed an oklob plant
 14658 | Lair:2   | Noticed an oklob plant
 14667 | Lair:2   | Learned a level 5 spell: Fireball
 15038 | Lair:2   | Noticed Nergalle
 15191 | Lair:1   | HP: 4/126 [blink frog (3)]
 15195 | Lair:1   | Reached skill level 13 in Fighting
 15427 | Lair:2   | Reached XP level 12. HP: 126/136 MP: 13/21
 15573 | Lair:2   | Killed Nergalle
 15712 | Lair:2   | Reached skill level 14 in Fighting
 16467 | Lair:2   | Reached skill level 15 in Fighting
 17125 | Lair:3   | Got a shimmering spear
 17126 | Lair:3   | Identified the +5 spear of Kyest {speed, rC++ Dex-2} (You
                  | found it on level 3 of the Lair of Beasts)
 17272 | Lair:3   | Noticed a seven-headed hydra
 17278 | Lair:3   | Killed a seven-headed hydra
 17799 | Lair:4   | Found a runed translucent door.
 17799 | Lair:4   | Noticed runemage's ghost (journeyman GnFi)
 18158 | Lair:4   | Noticed an eight-headed hydra
 18168 | Lair:4   | Killed an eight-headed hydra
 18168 | Lair:4   | Reached XP level 13. HP: 73/152 MP: 6/22
 18318 | Lair:4   | Reached skill level 16 in Fighting
 18433 | Lair:4   | Found a staircase to the Swamp.
 18738 | Lair:4   | Got an ancient tin amulet
 18741 | Lair:4   | Identified the amulet "Keythrew" {Reflect rElec rN++ Str-3
                  | Int+4 SH+3} (You found it on level 4 of the Lair of Beasts)
 18938 | Lair:4   | Killed runemage's ghost
 19205 | Lair:5   | Reached skill level 17 in Fighting
 19308 | Lair:5   | Found a viscous altar of Jiyva.
 19308 | Lair:5   | Found a staircase to the Slime Pits.
 19401 | Lair:5   | Noticed an entropy weaver
 21016 | Lair:5   | Reached skill level 18 in Fighting
 21585 | Lair:5   | Noticed an entropy weaver
 21635 | Lair:5   | HP: 6/159 [entropy weaver (9)]
 21635 | Lair:5   | Slain by an entropy weaver

Skill      XL: |  1  2  3  4  5  6  7  8  9 10 11 12 13 |
---------------+----------------------------------------+-----
Conjurations   | 1 2 3 4 5 6 7 9 |  9.0
Dodging        | 2 3 5 6 9 |  9.0
Fire Magic     | 3 5 6 7 9 |  9.0
Spellcasting   | 3 5 6 |  6.0
Fighting       | 3 4 6 9 13 15 18 | 18.3
Stealth        | |  1.4

Action                   |  1- 3 |  4- 6 |  7- 9 | 10-12 | 13-15 || total
-------------------------+-------+-------+-------+-------+-------++-------
Melee: Unarmed           |    32 |    80 |     2 |       |       ||   114
       Spear             |       |       |   102 |     5 |       ||   107
       Short sword       |       |       |    57 |   247 |    77 ||   381
 Cast: Flame Tongue      |    61 |   150 |   197 |   310 |   106 ||   824
       Mephitic Cloud    |       |       |     7 |    47 |    28 ||    82
       Conjure Flame     |       |       |     4 |    31 |    18 ||    53
       Blink             |       |       |       |    17 |     8 ||    25
       Fireball          |       |       |       |     5 |       ||     5
Evoke: Wand              |       |       |       |    24 |     4 ||    28
       Lamp of fire      |       |       |       |       |     1 ||     1
  Use: Scroll            |       |       |       |    13 |     1 ||    14
       Potion            |       |       |       |     3 |     1 ||     4
 Stab: Sleeping          |       |     1 |     3 |     1 |       ||     5
       Confused          |       |       |     3 |    12 |     8 ||    23
       Paralysed         |       |       |     4 |     6 |     1 ||    11
  Eat: Chunk             |     2 |     9 |    15 |    32 |    10 ||    68
       Ration            |       |       |       |     1 |     1 ||     2
Armor: Robe              |    24 |    41 |    79 |   114 |    31 ||   289
Dodge: Dodged            |    20 |    78 |   168 |   329 |   106 ||   701
Block: Other             |       |       |       |       |    19 ||    19
